[Event "Live Chess"]
[Site "Chess.com"]
[Date "2023.05.20"]
[Round "-"]
[White "Driftboard"]
[Black "Brooms1989"]
[Result "0-1"]
[WhiteElo "807"]
[BlackElo "948"]
[TimeControl "300"]
[EndTime "9:21:45 PDT"]
[Termination "Brooms1989 won by checkmate"]

1. e4 e5 2. Nf3 Nc6 3. Nc3 Nf6 4. Bb5 a6 5. Bxc6 dxc6 6. d3 Bd6 7. Bg5 h6 8. Bxf6 Qxf6 9. O-O Bg4 10. h3 Bh5 11. Ne2 Bxf3 12. gxf3 O-O-O 13. Ng3 h5 14. Kg2 h4 15. Nf5 g6 16. Nxd6+ Rxd6 17. Qd2 g5 18.
Kh2 Qg7 19. Rg1 Rg6 20. Qe3 f6 21. Qa7 g4 22. fxg4 Qh6 23. Qa8+ Kd7 24. Qxb7 Qf4+ 25. Kg2 Rhg8 26. Qxa6 Rxg4+ 27. hxg4 Rxg4+ 28. Kf1 Rxg1+ 29. Kxg1 h3 30. Kh1 Qf3+ 31. Kh2 Qg2# 0-1

[Event "Live Chess"]
[Site "Chess.com"]
[Date "2023.05.20"]
[Round "-"]
[White "matt1979"]
[Black "OceanFloater"]
[Result "1-0"]
[WhiteElo "1485"]
[BlackElo "969"]
[TimeControl "300"]
[EndTime "9:21:53 PDT"]
[Termination "matt1979 won on time"]

1. f4 c6 2. Nf3 d5 3. e3 Bf5 4. d3 Nf6 5. Be2 e6 6. Nh4 Bg4 7. Bxg4 Nxg4 8. Qxg4 Qa5+ 9. c3 g6 10. O-O Nd7 11. Bd2 Nf6 12. Qg3 Bh6 13. c4 Qc5 14. Nf3 O-O 15. a3 dxc4 16. Ne5 cxd3 17. Nxd3 Qb5 18. Ne5 Ne4 19. Qe1 Rad8 20. Bc3 Nxc3 21.
Qxc3 f6 22. Ng4 Bg7 23. Qb4 Qa6 24. Qb3 Rfe8 25. Nc3 b5 26. Rad1 f5 27. Rxd8 Rxd8 28.
Qxe6+ Kh8 29. Ne5 Rf8 30. Nf7+ Rxf7 31. Qxf7 Qc8 32. Rd1 a5 33. Qd7 Qa8 34. Qd8+ Qxd8 35. Rxd8+ Bf8 36. Rxf8+ Kg7 37. Rc8 Kf6 38. Rxc6+ Kg7 39.
Nd5 Kh6 40. Nf6 Kg7 41. Nd5 Kh6 42. Rc7 a4 43. Rb7 b4 44. Rxb4 Kg7 45. Rxa4 1-0

[Event "Live Chess"]
[Site "Chess.com"]
[Date "2023.05.20"]
[Round "-"]
[White "JackCheetham1"]
[Black "toog"]
[Result "0-1"]
[WhiteElo "1707"]
[BlackElo "2635"]
[TimeControl "300"]
[EndTime "9:22:05 PDT"]
[Termination "toog won by resignation"]

1. e4 c6 2. d4 d5 3. Nd2 dxe4 4. Nxe4 Nf6 5. Nxf6+ exf6 6. Nf3 Bd6 7. c3 O-O 8. Be2 Re8 9. O-O Nd7 10. Be3 Qc7 11.
h3 Nb6 12. c4 c5 13. d5 Bf5 14. Qd2 Rad8 15. a4 Be4 16. Rfc1 h6 17. a5 Nc8 18. a6 b6 19. Ne1 Be5 20. Bf3 Nd6 21. Qe2 f5 22.
Nd3 Bf6 23. Bxe4 Rxe4 24. b3 Bxa1 25. Rxa1 Rde8 26. Qf3 Qe7 27. Nf4 Qe5 28. Re1 Qc3 29. Re2 Qxb3 30. Qg3 Rxf4 31. Qxf4 Qd1+ 32. Kh2 Qxe2 33.
Qxd6 Qxc4 34. Qd7 Rf8 35. Qxa7 Qxd5 36. Qxb6 c4 37. a7 Qe5+ 38. g3 Qd5 39. Bc5 Rc8 40. Qb8 Qxc5 41. a8=Q Rxb8 42. Qxb8+ Kh7 43. Qf4 c3 44.
Kg2 c2 45. Qc1 Qd5+ 46. Kh2 Qd1 0-1

[Event "Live Chess"]
[Site "Chess.com"]
[Date "2023.05.20"]
[Round "-"]
[White "siddu198"]
[Black "GMHarry-youtube"]
[Result "1-0"]
[WhiteElo "1598"]
[BlackElo "2187"]
[TimeControl "300"]
[EndTime "9:22:16 PDT"]
[Termination "siddu198 won by checkmate"]

1. e4 c5 2. Nf3 d6 3. c3 Nf6 4. d3 g6 5. Be3 Bg7 6. Nbd2 O-O 7.
Nb3 Ng4 8. Qd2 Nc6 9. h3 Nge5 10. Nxe5 Nxe5 11. f4 Nc6 12. Be2 e5 13. O-O f5 14.
fxe5 Nxe5 15. exf5 Bxf5 16. d4 cxd4 17. Bxd4 Qh4 18.
Rf4 Qe7 19. Rff1 Rae8 20. Rae1 Qh4 21. Rf4 Qe7 22. Rff1 Nc6 23. Bc4+ Be6 24. Rxf8+ Qxf8 25. Bxe6+ Kh8 26. Bxg7+ Qxg7 27. Bc4 Rf8 28. Nd4 Ne5 29. Bb3 Qe7 30. Nf3 Nxf3+ 31. gxf3 Qd7 32. Qd4+ Qg7 33.
Qxg7+ Kxg7 34. Re7+ Kh6 35. Kg2 Rb8 36. Rd7 a5 37. a4 b5 38. axb5 Rxb5 39. Bg8 Rxb2+ 40. Kg3 Kg5 41. Rxh7 a4 42. Rd7 a3 43. Rxd6 Kf5 44.
Ra6 Rb1 45. Bf7 g5 46. Bg6+ Ke5 47. Bxb1 Kd5 48. Rxa3 Kc4 49. Ra8 Kxc3 50. Rg8 Kd4 51. Rxg5 Ke3 52. Rg4 Ke2 53. h4 Kf1 54. h5 Kg1 55. h6 Kh1 56. h7 Kg1 57. h8=Q Kf1 58. Qh2 Ke1 59. Re4+ Kd1 60. Qg1+ Kd2 61. Qe1# 1-0

[Event "Live Chess"]
[Site "Chess.com"]
[Date "2023.05.20"]
[Round "-"]
[White "ranvir123"]
[Black "Alan_Richardson"]
[Result "0-1"]
[WhiteElo "838"]
[BlackElo "1715"]
[TimeControl "300"]
[EndTime "9:22:20 PDT"]
[Termination "Alan_Richardson won by checkmate"]

1. e4 c5 2. Nc3 Nc6 3. Nf3 g6 4. d4 cxd4 5. Nxd4 Bg7 6. Nxc6 bxc6 7. Bc4 e6 8. O-O Ne7 9. Bg5 O-O 10. Qd6 f6 11.
Bh4 Kh8 12. e5 Nf5 13. exf6 Bxf6 14. Bxf6+ Qxf6 15. Qd3 d5 16. Bb3 e5 17. Ne2 a5 18.
Ng3 Ba6 19. c4 e4 20. Qe2 Nd4 21. Qd2 a4 22. Rfd1 axb3 23. Qxd4 Bxc4 24. Qxf6+ Rxf6 25. axb3 Rxa1 26. Rxa1 Bxb3 27. Ra6 Bc4 28. Rb6 Kg7 29.
Nf1 Bxf1 30. Kxf1 c5 31. Rb5 Rc6 32. b4 cxb4 33. Rxb4 Kf6 34. f3 Ke5 35. Rb5 Kd4 36.
fxe4 dxe4 37. Rb7 Rc2 38. Rxh7 Ke3 39. Re7 Rc1# 0-1

[Event "Live Chess"]
[Site "Chess.com"]
[Date "2023.05.20"]
[Round "-"]
[White "JashonTOGM"]
[Black "NatashaRegan"]
[Result "0-1"]
[WhiteElo "1058"]
[BlackElo "1842"]
[TimeControl "300"]
[EndTime "9:22:39 PDT"]
[Termination "NatashaRegan won by checkmate"]

1. d4 f5 2. h3 Nf6 3. g4 fxg4 4. hxg4 Nxg4 5. Qd3 d5 6. Rxh7 Rxh7 7. Qg6+ Kd7 8.
Qxg4+ Kc6 9. Qg6+ Qd6 10. Qxh7 Bg4 11. Nc3 Nd7 12. e3 Nf6 13. Bb5+ Kb6 14. Qd3 a6 15. Ba4 Rd8 16. Nb5 axb5 17. Qxb5+ Ka7 18. Qa5+ Kb8 19.
Bd2 Ne4 20. Bb4 Qf6 21. f4 Qh4+ 22. Kf1 Qf2# 0-1

[Event "Live Chess"]
[Site "Chess.com"]
[Date "2023.05.20"]
[Round "-"]
[White "xx_blindpuffin_xx"]
[Black "stevefairhurst"]
[Result "1-0"]
[WhiteElo "2193"]
[BlackElo "525"]
[TimeControl "300"]
[EndTime "9:22:43 PDT"]
[Termination "xx_blindpuffin_xx won by checkmate"]

1. d4 d5 2. Bf4 Nf6 3. e3 Ne4 4. c4 e5 5. Bxe5 Qh4 6. Bg3 Qf6 7. Nc3 Bd6 8. Nxd5 Qf5 9. Nf3 Bxg3 10. hxg3 Be6 11. Nxc7+ Kd7 12. Nxa8 Nc6 13. d5 Bxd5 14. cxd5 Nb4 15. Qa4+ b5 16. Bxb5+ Kd6 17. Qxb4+ Kxd5 18. O-O-O+ Ke6 19. Nd4+ Kd5 20. Nxf5+ Ke5 21. Qd4+ Kxf5 22. Qd5+ Kg4 23. Qxe4+ Kg5 24. Rd5+ Kf6 25. Rd6+ Kg5 26. Qf4# 1-0

[Event "Live Chess"]
[Site "Chess.com"]
[Date "2023.05.20"]
[Round "-"]
[White "sup3rm0nk3y"]
[Black "GEMdzq"]
[Result "0-1"]
[WhiteElo "1335"]
[BlackElo "2346"]
[TimeControl "300"]
[EndTime "9:22:45 PDT"]
[Termination "GEMdzq won by resignation"]

1. b3 e5 2. Bb2 Nc6 3. e3 a6 4. f4 exf4 5. exf4 Nf6 6. d3 Bb4+ 7.
c3 Be7 8. h3 O-O 9. Nd2 d5 10.
g4 Re8 11. Ne2 Nxg4 12. Nf3 Ne3 13. Qd2 Bh4+ 14. Nxh4 Qxh4+ 0-1

[Event "Live Chess"]
[Site "Chess.com"]
[Date "2023.05.20"]
[Round "-"]
[White "guptarayan"]
[Black "BMT6"]
[Result "1-0"]
[WhiteElo "588"]
[BlackElo "584"]
[TimeControl "300"]
[EndTime "9:22:45 PDT"]
[Termination "guptarayan won by checkmate"]

1. e4 d5 2. exd5 Qxd5 3. Nc3 Qa5 4. d4 Nf6 5. Nf3 Bf5 6. Bc4 e6 7. O-O Bb4 8. Bd2 c6 9. a3 Bxc3 10. Bxc3 Qc7 11. Re1 Ne4 12. Nh4 Nxc3 13. bxc3 Be4 14. Rxe4 f5 15. Rxe6+ Kf7 16. Rxc6+ Ke7 17. Rxc7+ Kd8 18.
Rxg7 Re8 19. Bd5 Nc6 20. Bxc6 bxc6 21. d5 cxd5 22. Qxd5+ Kc8 23. Qxa8# 1-0

[Event "Live Chess"]
[Site "Chess.com"]
[Date "2023.05.20"]
[Round "-"]
[White "Duke_of_Bebington"]
[Black "SupremeTactician"]
[Result "0-1"]
[WhiteElo "1563"]
[BlackElo "2403"]
[TimeControl "300"]
[EndTime "9:22:47 PDT"]
[Termination "SupremeTactician won by resignation"]

1. e4 e5 2. Nf3 Nc6 3. Bc4 Bc5 4. b4 Bxb4 5. c3 Be7 6. d4 Na5 7. Bb3 d6 8. O-O Bg4 9. Qd3 Nxb3 10. axb3 Bxf3 11. Qxf3 Nf6 12. Bb2 O-O 13. Nd2 exd4 14. cxd4 c6 15. Rfe1 Qc7 16. Nf1 Rfe8 17. Ng3 Bf8 18.
Rac1 Qa5 19. Ra1 Qg5 20. Nf5 Qg4 21. Qxg4 Nxg4 22. h3 Nf6 23. d5 Nxe4 24. Re3 cxd5 25. Rae1 Rec8 26. Nd4 g6 27. Nb5 a6 28. Nc3 Nxc3 29.
Bxc3 Rc7 30. Bb4 a5 31. Ba3 b5 32. Re8 Rxe8 33. Rxe8 b4 34. Bb2 Re7 35. Ra8 Re1+ 36.
Kh2 f5 37. Rxa5 Rb1 38. Bd4 Rxb3 39. Rxd5 Rd3 40. Kg1 b3 41. Kf1 b2 42. Bxb2 Rxd5 0-1

[Event "Live Chess"]
[Site "Chess.com"]
[Date "2023.05.20"]
[Round "-"]
[White "Ocelot32"]
[Black "FlyingChessKestrel13"]
[Result "0-1"]
[WhiteElo "1357"]
[BlackElo "2154"]
[TimeControl "300"]
[EndTime "9:22:50 PDT"]
[Termination "FlyingChessKestrel13 won by resignation"]

1. e4 Nc6 2. Nf3 d6 3. Bb5 g6 4. O-O Bg7 5. c3 Bd7 6. d4 e5 7.
Ba4 exd4 8. cxd4 Nge7 9. Nc3 O-O 10. Bb3 a5 11. a4 Nb4 12. Bf4 Bg4 13. h3 Bxf3 14. Qxf3 Bxd4 15. e5 dxe5 16. Rad1 Qc8 17. Bh6 Qf5 18. Qxf5 Nxf5 19. Bxf8 Rxf8 20. Nd5 Nxd5 21.
Bxd5 c6 22. Be4 Nd6 23. Rfe1 Nxe4 24. Rxe4 Rb8 25. Rb1 b5 26. axb5 Rxb5 27. Re2 a4 28.
Rc2 c5 29. Ra1 Rb4 30. b3 axb3 31. Re2 Bxa1 0-1

[Event "Live Chess"]
[Site "Chess.com"]
[Date "2023.05.20"]
[Round "-"]
[White "thrithik"]
[Black "MaximKris"]
[Result "0-1"]
[WhiteElo "489"]
[BlackElo "1790"]
[TimeControl "300"]
[EndTime "9:22:52 PDT"]
[Termination "MaximKris won by checkmate"]

1. a3 d5 2. b3 Nf6 3. Nc3 Nc6 4.
d3 e5 5. Be3 Bc5 6. Bxc5 d4 7.
Nb5 a6 8. Nd6+ cxd6 9. b4 dxc5 10. bxc5 Qa5+ 11. Qd2 Qxd2+ 12. Kxd2 Nd5 13. c4 Nc3 14.
Rc1 Be6 15. Rxc3 dxc3+ 16. Kxc3 O-O-O 17. d4 Nxd4 18. Kb4 Nc6+ 19. Ka4 Bxc4 20. Nf3 b5+ 21.
cxb6 Kb7 22. Nxe5 Nxe5 23. e3 Bb5+ 24. Bxb5 axb5+ 25. Kxb5 Rd5+ 26. Kb4 Kxb6 27. Ra1 Nc6+ 28. Kc4 Rc5+ 29. Kb3 Rd8 30. Ra2 Rd3+ 31. Ka4 Ra5# 0-1

[Event "Live Chess"]
[Site "Chess.com"]
[Date "2023.05.20"]
[Round "-"]
[White "Iggle-Piggle"]
[Black "EdenHazard8"]
[Result "0-1"]
[WhiteElo "1254"]
[BlackElo "2103"]
[TimeControl "300"]
[EndTime "9:22:59 PDT"]
[Termination "EdenHazard8 won by resignation"]

1. e4 c5 2. Nc3 Nc6 3. g3 g6 4. Bg2 Bg7 5. d3 e6 6. f4 Nge7 7. Nf3 d5 8. e5 a6 9. O-O b5 10. Ne2 Bb7 11. d4 c4 12. c3 Qb6 13. Kh1 b4 14. Bd2 a5 15. b3 Ba6 16. bxc4 Bxc4 17.
cxb4 axb4 18. Re1 Bxa2 19. Qc2 b3 20. Qc3 b2 0-1

[Event "Live Chess"]
[Site "Chess.com"]
[Date "2023.05.20"]
[Round "-"]
[White "aliciabutteriss"]
[Black "killershark69420"]
[Result "1-0"]
[WhiteElo "512"]
[BlackElo "300"]
[TimeControl "300"]
[EndTime "9:23:02 PDT"]
[Termination "aliciabutteriss won by resignation"]

1. e4 e5 2. Nf3 Nf6 3. Bc4 Nc6 4. Nc3 Bb4 5. d3 Bxc3+ 6. bxc3 O-O 7. Ba3 d6 8. Ng5 Bg4 9. f3 Bh5 10. Qb1 Rb8 11.
Qb3 b5 12. Ne6 Qe7 13. Nxf8 Qxf8 14. Bxb5 a6 15. g4 Rxb5 16. Qc4 d5 17. exd5 Qb4 18. cxb4 Nxb4 19. Qxc7 g5 20. Qc8+ Kg7 21. Qxa6 Nxc2+ 22.
Kd2 Nxa1 23. Qxb5 Bg6 24. Qb2 Nxd5 25. Qxe5+ f6 26. Qxd5 1-0

[Event "Live Chess"]
[Site "Chess.com"]
[Date "2023.05.20"]
[Round "-"]
[White "PackedNote"]
[Black "HD_IN4k"]
[Result "1-0"]
[WhiteElo "779"]
[BlackElo "297"]
[TimeControl "300"]
[EndTime "9:23:05 PDT"]
[Termination "PackedNote won by checkmate"]

1. e4 g6 2. Bc4 Bg7 3. Qf3 Nh6 4. d3 e6 5. Ne2 Nc6 6. O-O Na5 7. Bb3 Nxb3 8.
axb3 b6 9. Nbc3 Bb7 10. Ng3 d5 11. Re1 d4 12. Nb5 a6 13. Na3 O-O 14. c3 f5 15. Qd1 fxe4 16. Nxe4 Bxe4 17. Rxe4 Be5 18. Bxh6 Qh4 19. Rxh4 Rf7 20. Qg4 dxc3 21. bxc3 Bxc3 22. Rc1 Bb2 23. Rc2 Bxa3 24. Qxe6 Rd8 25. Rxc7 Rxd3 26. Qxf7+ Kh8 27. Qg7# 1-0

[Event "Live Chess"]
[Site "Chess.com"]
[Date "2023.05.20"]
[Round "-"]
[White "apl_trainer"]
[Black "OBrightwell100"]
[Result "1-0"]
[WhiteElo "1521"]
[BlackElo "1330"]
[TimeControl "300"]
[EndTime "9:23:14 PDT"]
[Termination "apl_trainer won by resignation"]

1. d4 d5 2. c4 e6 3. Nc3 a6 4. Nf3 dxc4 5. a4 Nc6 6. e3 Na5 7. Ne5 b5 8. axb5 axb5 9. Nxb5 Bd7 10. Nc3 f6 11. Qh5+ Ke7 12. Qf7+ Kd6 13. Rxa5 Rxa5 14. Nxc4+ Kc6 15. Nxa5+ Kb6 16. Nc4+ Kc6 17. Be2 Qe8 1-0

[Event "Live Chess"]
[Site "Chess.com"]
[Date "2023.05.20"]
[Round "-"]
[White "grillage"]
[Black "Albul"]
[Result "1-0"]
[WhiteElo "1841"]
[BlackElo "2196"]
[TimeControl "300"]
[EndTime "9:23:17 PDT"]
[Termination "grillage won on time"]

1. d4 f5 2. Bg5 g6 3. Nc3 Bg7 4. e4 d6 5. Bc4 Nc6 6. Nge2 Nf6 7. Qd2 Nxe4 8. Nxe4 fxe4 9. Nc3 Nxd4 10. Nxe4 Bf5 11. f3 Bxe4 12. fxe4 Qd7 13. O-O-O O-O-O 14. Rhf1 Rdf8 15. Kb1 e5 16. Qa5 Nc6 17. Qa4 Kb8 18. Bb5 Rxf1 19. Rxf1 Rf8 20. Rxf8+ Bxf8 21. Bxc6 Qxc6 22. Qxc6 bxc6 23. b3 d5 24. Bf6 Bd6 25. Kb2 Kc8 26. Kc3 Kd7 27. Kd3 Ke6 28. Bg7 Be7 29. Bh6 Bc5 30. a4 a6 31. Bg7 Bg1 32. h3 Bh2 33. Bf8 Bf4 34. Bc5 h5 35. Ba7 g5 36. Bb8 Kd7 37. Ba7 Kd6 38. Bf2 g4 39. hxg4 hxg4 40. Bh4 Bh6 41. Bf6 Ke6 42. Bd8 Kd7 43. Bf6 Bf4 44. Bh4 Kd6 45. Bf6 dxe4+ 46. Kxe4 Ke6 47. Bd8 Kd7 48. Bf6 Kd6 49. Bh4 Ke6 50.
Bd8 Kd6 51. Bf6 c5 52. Bh4 c4 53. Bd8 cxb3 54. cxb3 c6 55. Bb6 Ke6 56. Bc7 1-0

[Event "Live Chess"]
[Site "Chess.com"]
[Date "2023.05.20"]
[Round "-"]
[White "wadsy27"]
[Black "Doge_Dandolo"]
[Result "1-0"]
[WhiteElo "2585"]
[BlackElo "2053"]
[TimeControl "300"]
[EndTime "9:23:20 PDT"]
[Termination "wadsy27 won by resignation"]

1. Nf3 Nf6 2. g3 g6 3. Bg2 Bg7 4. O-O O-O 5. c4 c6 6. b3 d6 7. Bb2 Qc7 8. Nc3 e5 9. d3 Nbd7 10.
Rc1 Re8 11. e4 Nc5 12. b4 Ne6 13. b5 Nd7 14. Ba3 Ndc5 15. Na4 Nxa4 16. Qxa4 Bd7 17. bxc6 Bxc6 18. Qb3 Bh6 19. Rb1 Rab8 20. h4 Qd7 21. Bh3 Rec8 22. Qb4 Bf8 23. Qd2 Qe7 24. Nxe5 Bg7 25.
Nxc6 bxc6 26. Bb2 Bxb2 27. Rxb2 Rd8 28. Bxe6 Qxe6 29. Rfb1 Rxb2 30. Qxb2 Qg4 31. Kg2 d5 32. Qf6 Re8 33. Qxc6 dxe4 34. Qxe8+ 1-0

[Event "Live Chess"]
[Site "Chess.com"]
[Date "2023.05.20"]
[Round "-"]
[White "nigelst"]
[Black "SimonB4a"]
[Result "1/2-1/2"]
[WhiteElo "1853"]
[BlackElo "2176"]
[TimeControl "300"]
[EndTime "9:23:24 PDT"]
[Termination "Game drawn by repetition"]

1. e4 e6 2. d4 d5 3. exd5 exd5 4.
Nf3 Bd6 5. Bd3 Ne7 6. O-O Nbc6 7. c4 dxc4 8. Bxc4 Bg4 9. Bxf7+ Kxf7 10. Ng5+ Kg6 11. Qxg4 Qc8 12. Ne6+ Kf7 13. Ng5+ Kg6 14. Ne6+ Kf7 15. Ng5+ Kg6 1/2-1/2

[Event "Live Chess"]
[Site "Chess.com"]
[Date "2023.05.20"]
[Round "-"]
[White "YrrriKharkiv"]
[Black "Daniel_Gliddon_FA"]
[Result "1-0"]
[WhiteElo "2142"]
[BlackElo "1109"]
[TimeControl "300"]
[EndTime "9:23:26 PDT"]
[Termination "YrrriKharkiv won by resignation"]

1. d4 Nf6 2. Nf3 g6 3. c4 Bg7 4.
Nc3 O-O 5. e4 d6 6. h3 Nbd7 7. Bg5 b6 8. Qd2 Bb7 9. Bd3 e5 10. d5 Nc5 11. Bc2 Qe7 12. h4 Rad8 13. h5 c6 14. b4 Ncd7 15. dxc6 Bxc6 16. Nd5 Bxd5 17. cxd5 Qe8 18. hxg6 fxg6 19. Bh6 Ng4 20. Bxg7 Kxg7 21. Ba4 h5 22. Rc1 a6 23. O-O b5 24. Bd1 Qe7 25. Ng5 Nxf2 26. Ne6+ Kg8 27. Rxf2 Rxf2 28. Qxf2 Nf6 29. Rc7 Rd7 30. Rc8+ Kf7 31.
Ng5+ Kg7 32. Qe3 Ng4 33. Bxg4 hxg4 34. Ne6+ Kh7 35. Qg5 Rc7 36. Rxc7 1-0

[Event "Live Chess"]
[Site "Chess.com"]
[Date "2023.05.20"]
[Round "-"]
[White "SaraTang"]
[Black "seuen"]
[Result "0-1"]
[WhiteElo "168"]
[BlackElo "1142"]
[TimeControl "300"]
[EndTime "9:23:30 PDT"]
[Termination "seuen won by checkmate"]

1. e4 c5 2. Bc4 e6 3. Qf3 Nc6 4. Qxf7+ Kxf7 5. Nf3 Nf6 6. Ng5+ Ke8 7. Nxe6 dxe6 8. Bxe6 Bxe6 9. O-O Bd6 10. Re1 Kf7 11. Re3 Re8 12. Rd3 Ne5 13. Rxd6 Qxd6 14. d3 Kg8 15.
Bg5 c4 16. dxc4 Nxc4 17. b3 Nd2 18. Nxd2 h6 19. Bxf6 gxf6 20. c4 Qxd2 21. Kf1 Rad8 22. Re1 Qxa2 23. Re3 Rd1+ 24. Re1 Rxe1+ 25. Kxe1 Rd8 26.
b4 Qxc4 27. b5 Qd3 28. e5 Qd2+ 29. Kf1 Qd1# 0-1

[Event "Live Chess"]
[Site "Chess.com"]
[Date "2023.05.20"]
[Round "-"]
[White "DRS44"]
[Black "wot-not"]
[Result "0-1"]
[WhiteElo "1406"]
[BlackElo "1459"]
[TimeControl "300"]
[EndTime "9:23:38 PDT"]
[Termination "wot-not won on time"]

1. e4 e5 2. d4 d6 3. dxe5 dxe5 4.
Qxd8+ Kxd8 5. Bg5+ f6 6. Be3 Be6 7. Nc3 Nc6 8. O-O-O+ Bd6 9. Bc5 Ke7 10. Bxd6+ cxd6 11. Nd5+ Bxd5 12. exd5 Nd4 13. c3 Nf5 14. Bd3 Nfh6 15. g3 Nf7 16. f4 Ngh6 17. fxe5 fxe5 18. Nf3 g6 19. h4 Nf5 20. g4 Ng7 21. h5 g5 22. h6 Ne8 23. Rh5 Nc7 24.
Nxg5 Nxg5 25. Rxg5 Rhg8 26. Rg7+ Rxg7 27. hxg7 Kf7 28.
Rh1 Nxd5 29. Rxh7 Rg8 30. Bc4 Ke6 31. Rh6+ Ke7 32. Bxd5 Rxg7 33. Be4 Rxg4 34. Rh7+ Kf6 35. Bc2 e4 36. Rh6+ Ke5 37. Rh5+ Kf4 38. Rh8 e3 39. Rf8+ Ke5 40. Re8+ Kf4 41. Rf8+ Kg3 42. Bf5 Ra4 43. a3 Ra5 44. Rg8+ Kf4 45. Rf8 Rxf5 46. Rxf5+ Kxf5 47. Kc2 Kf4 48. Kd3 Kf3 0-1

[Event "Live Chess"]
[Site "Chess.com"]
[Date "2023.05.20"]
[Round "-"]
[White "ranvir123"]
[Black "Delacorta"]
[Result "0-1"]
[WhiteElo "837"]
[BlackElo "1416"]
[TimeControl "300"]
[EndTime "9:23:45 PDT"]
[Termination "Delacorta won by resignation"]

1. e4 e6 2. d4 d5 3. e5 c5 4.
Nf3 Nc6 5. Bb5 Bd7 6. Nc3 Qb6 7. Bxc6 Bxc6 8. Bf4 Qxb2 9. Rb1 Qxc3+ 10. Qd2 Qxd2+ 11. Bxd2 0-1

[Event "Live Chess"]
[Site "Chess.com"]
[Date "2023.05.20"]
[Round "-"]
[White "BillW-GrangerIN"]
[Black "MJMykh"]
[Result "0-1"]
[WhiteElo "181"]
[BlackElo "952"]
[TimeControl "300"]
[EndTime "9:23:47 PDT"]
[Termination "MJMykh won by resignation"]

1. d4 d5 2. Bf4 Nc6 3. e3 a6 4.
Bd3 Nf6 5. Nf3 h6 6. Nbd2 e6 7. c3 Be7 8. O-O O-O 9. Qe2 Bd6 10. Bg3 Bxg3 11. fxg3 Qd6 12. Ne4 dxe4 13. Bc4 exf3 14. Qxf3 e5 15. dxe5 Nxe5 16. Qf5 Bxf5 17. Rfd1 Qb6 18. Rd7 Nfxd7 0-1

[Event "Live Chess"]
[Site "Chess.com"]
[Date "2023.05.20"]
[Round "-"]
[White "MrDodgy"]
[Black "TobyQuaite"]
[Result "1-0"]
[WhiteElo "2323"]
[BlackElo "1710"]
[TimeControl "300"]
[EndTime "9:23:52 PDT"]
[Termination "MrDodgy won by resignation"]

1. d4 e6 2. e4 d5 3. Nc3 Bb4 4. a3 Bxc3+ 5. bxc3 dxe4 6. Qg4 Nf6 7. Qxg7 Rg8 8. Qh6 Rg6 9. Qh4 Nc6 10. Ne2 Bd7 11.
Ng3 Qe7 12. Bg5 h6 13. Bxh6 O-O-O 14. Bg5 Rxg5 15. Qxg5 Nd5 16. Qxe7 Ncxe7 17. Nxe4 f5 18. Nc5 Nxc3 19. Kd2 Ncd5 20. c4 Nf6 21. f3 b6 22.
Nxd7 Rxd7 23. Kc3 Nc6 24. Rd1 e5 25. d5 Nd4 26. Rxd4 exd4+ 27. Kxd4 c6 28. Bd3 1-0

[Event "Live Chess"]
[Site "Chess.com"]
[Date "2023.05.20"]
[Round "-"]
[White "ReeceHockton"]
[Black "zdanevych"]
[Result "0-1"]
[WhiteElo "328"]
[BlackElo "1490"]
[TimeControl "300"]
[EndTime "9:23:52 PDT"]
[Termination "zdanevych won by checkmate"]

1. d4 d5 2. Nf3 c5 3. c3 Nc6 4. dxc5 e5 5. e3 Bxc5 6. Bb5 e4 7. Nd4 Bd7 8. Nxc6 bxc6 9. Ba4 Nf6 10. Nd2 O-O 11. f4 exf3 12. gxf3 Bxe3 13. Qe2 Re8 14. Rf1 Bf4 15. Nb3 Rxe2+ 16. Kxe2 Qe7+ 17.
Kf2 Bxc1 18. Raxc1 Re8 19. Rce1 Qd6 20. Na5 Qxh2# 0-1

[Event "Live Chess"]
[Site "Chess.com"]
[Date "2023.05.20"]
[Round "-"]
[White "SimpleHarmonic1"]
[Black "onemoretime1975"]
[Result "1-0"]
[WhiteElo "2073"]
[BlackElo "1970"]
[TimeControl "300"]
[EndTime "9:23:53 PDT"]
[Termination "SimpleHarmonic1 won on time"]

1. d4 d5 2. c4 e6 3. Nc3 Nf6 4.
cxd5 exd5 5. Bg5 c6 6. e3 Be7 7. Bd3 O-O 8. Qc2 Nbd7 9. Nf3 Re8 10. O-O Nf8 11. h3 Ng6 12. Rab1 Nd7 13. Bxe7 Qxe7 14. b4 b5 15. Ne2 Bb7 16. Ng3 Nb6 17. Nf5 Qd8 18. Qc5 Nc4 19. Bxc4 dxc4 20. Nd6 Re7 21. Nxb7 Rxb7 22. Qxc6 Rab8 23. Qe4 Re7 24. Qc2 Qd5 25. Rfc1 Rb6 26. a4 a6 27. Nd2 Nh4 28. e4 Qxd4 29.
Nb3 Qf6 30. Nc5 Qg5 31. g3 Rg6 32. Rd1 h6 33. axb5 axb5 34. Rd8+ Kh7 35. Rd5 Re5 36.
Rxe5 Nf3+ 37. Kg2 Nxe5 38. Rd1 Nd3 39. Nxd3 cxd3 40. Qxd3 h5 41. f4 Qf6 42. e5 Qe6 43. f5 Qa2+ 44. Rd2 Rxg3+ 45. Kxg3 h4+ 46. Kg2 Qa1 47. f6+ g6 48. Qd4 Qe1 49. Rf2 Qe4+ 50. Qxe4 Kg8 51. Qxh4 Kf8 52. Qg5 1-0

[Event "Live Chess"]
[Site "Chess.com"]
[Date "2023.05.20"]
[Round "-"]
[White "RedRook90"]
[Black "AttackingSnowLeopard"]
[Result "0-1"]
[WhiteElo "1968"]
[BlackElo "1967"]
[TimeControl "300"]
[EndTime "9:23:54 PDT"]
[Termination "AttackingSnowLeopard won by resignation"]

1. c4 e5 2. g3 Nf6 3. Bg2 c6 4.
Nf3 e4 5. Nd4 d5 6. cxd5 Qxd5 7.
Nc2 Qh5 8. h3 Bc5 9. Nc3 Qg6 10.
b4 Bb6 11. Ne3 O-O 12. O-O Nbd7 13. Qc2 Re8 14. Bb2 Bxe3 15. dxe3 Nb6 16. Rfd1 Bf5 17.
Na4 Nbd5 18. a3 Qh5 19. g4 Bxg4 20. Rxd5 Nxd5 21. hxg4 Qxg4 22. Nc5 f5 23. Qc4 Kh8 24. Nxb7 Re6 25. Qc1 Rg6 26. Qf1 f4 27. f3 Qg5 28.
Bd4 fxe3 29. Nc5 Nf4 30. Bxe3 Qxg2+ 31. Qxg2 Nxg2 32. Bd4 exf3 33. exf3 Rd8 34. Bc3 h6 35. Kf2 Nf4 36. Re1 Nd3+ 37. Nxd3 Rxd3 38. Re8+ Kh7 39. Re3 Rxe3 40. Kxe3 h5 41. Be5 Re6 42. Ke4 h4 43. Kd4 Rxe5 0-1

[Event "Live Chess"]
[Site "Chess.com"]
[Date "2023.05.20"]
[Round "-"]
[White "Tushinskiy"]
[Black "ChessTWSS"]
[Result "1-0"]
[WhiteElo "2103"]
[BlackElo "1518"]
[TimeControl "300"]
[EndTime "9:23:57 PDT"]
[Termination "Tushinskiy won on time"]

1. d4 d5 2. c3 Nc6 3. Nf3 Bf5 4.
Bf4 e6 5. Bg3 Nf6 6. Nbd2 Bd6 7.
e3 O-O 8. Be2 Ne4 9. Nxe4 dxe4 10. Nd2 Re8 11. b4 e5 12. a3 exd4 13. cxd4 a6 14. Rc1 Nb8 15. O-O h6 16. Qc2 c6 17.
Rfd1 g5 18. Nc4 Bxg3 19. hxg3 Be6 20. Ne5 Nd7 21. Qxe4 f6 22. Qg6+ Kf8 23. Qxh6+ Ke7 24.
Qg7+ Kd6 25. Nxd7 Qxd7 26. Qxf6 Qf7 27. Qxg5 Qf5 28. Qxf5 Bxf5 29. g4 Bg6 30. g3 Rf8 31. f4 b6 32. Bf3 Rac8 33. f5 Bf7 34. e4 a5 35. e5+ Kc7 36. Rxc6+ Kd7 37. e6+ Bxe6 38.
fxe6+ Ke7 39. Rxc8 Rxc8 40. d5 Kd6 41. bxa5 b5 42.
Kf2 Rc3 43. Re1 Rxa3 44. e7 Rxa5 45. e8=Q Ra2+ 46. Re2 1-0

[Event "Live Chess"]
[Site "Chess.com"]
[Date "2023.05.20"]
[Round "-"]
[White "toxic_rabbit"]
[Black "friarnator"]
[Result "1-0"]
[WhiteElo "2009"]
[BlackElo "2002"]
[TimeControl "300"]
[EndTime "9:23:58 PDT"]
[Termination "toxic_rabbit won on time"]

1. e4 Nf6 2. e5 Nd5 3. c4 Nb6 4.
d4 d6 5. exd6 cxd6 6. h3 g6 7.
Nf3 Bg7 8. Be2 O-O 9. Be3 Nc6 10.
O-O e5 11. dxe5 Nxe5 12. Nxe5 dxe5 13. Qxd8 Rxd8 14. Nc3 Be6 15. Bxb6 axb6 16. Rad1 f5 17. a3 e4 18. Nd5 Bxd5 19. Rxd5 Rxd5 20. cxd5 Bxb2 21.
Rb1 Bd4 22. Rd1 Bc5 23. d6 Rd8 24. d7 Kf7 25. a4 Ke7 26. Bb5 f4 27. Rd5 e3 28.
fxe3 fxe3 29. Re5+ Kd6 30. Re8 Kc7 31. Kf1 Bd4 32. Ke2 Bc5 33. g4 h6 34. Re6 Rf8 35.
Re8 Rf2+ 36. Kd3 Rd2+ 37. Ke4 Rxd7 38. Bxd7 Kxd7 39. Re5 e2 40. Kf3 Kd6 41. Rxe2 Bb4 42. Re8 Kc5 43. Rg8 Bd2 44. Rxg6 b5 45. axb5 Kxb5 46.
h4 Kc4 47. g5 hxg5 48. h5 b5 49. Kg4 b4 50. h6 Kb5 51. h7 Bc3 52. Rg8 Ka4 53.
Kxg5 b3 54. Ra8+ Kb4 55. Rb8+ Ka3 56. Rf8 Ka2 57. Rf3 Be5 58. Kf5 Bd4 59. Ke4 Bg7 60. Kd3 b2 61. Rf2 Ka1 62. Rf1+ b1=Q+ 63. Rxb1+ Kxb1 64. Ke4 Ka1 65. Kf5 Kb1 66. Kg6 Bh8 67. Kf7 Be5 68. Kg8 Bd4 69. Kf7 Be5 70. Kg6 Bd4 71. Kh5 Be5 72. Kg4 Bd4 73. Kf5 Be5 74. Kxe5 Kc2 75. h8=Q Kd1 76. Qh2 1-0